[ AOE2 MATCH · #461521748 ]
UnrankedCumans vs Tupi
[ REPLAY ANALYSIS · EXTRACTED FROM THE RECORDED GAME ]
Feudal
9:41
Castle
21:49
Imperial
35:03
| APM avg | 40.3 |
| APM peak | 84 |
| eAPM avg | 19.8 |
| Villagers / military | 175 / 175 |
Focus
⚔️ 32.1% · 🌾 67.9%
Knight ×131 · Scout Cavalry ×27 · Camel Scout ×16 · Monk ×1
Feudal
11:22
Castle
20:20
Imperial
36:16
| APM avg | 33.9 |
| APM peak | 72 |
| eAPM avg | 21.9 |
| Villagers / military | 189 / 11 |
Focus
⚔️ 25.0% · 🌾 75.0%
Unknown (2579) ×144 · Trade Cart ×52 · Unknown (2582) ×40 · Spearman ×6 · Trebuchet (Packed) ×3 · Mangonel ×1
Feudal
10:22
Castle
17:21
Imperial
38:57
| APM avg | 48.9 |
| APM peak | 103 |
| eAPM avg | 17.1 |
| Villagers / military | 175 / 169 |
Focus
⚔️ 28.5% · 🌾 71.5%
Bolas Rider ×159 · Skirmisher ×7 · Spearman ×3
Feudal
9:41
Castle
20:28
Imperial
36:16
| APM avg | 46.9 |
| APM peak | 103 |
| eAPM avg | 23.1 |
| Villagers / military | 127 / 161 |
Focus
⚔️ 29.1% · 🌾 70.9%
Scout Cavalry ×83 · Tarkan ×53 · Knight ×25 · Trade Cart ×11
Feudal
9:27
Castle
22:33
Imperial
41:38
| APM avg | 27.8 |
| APM peak | 62 |
| eAPM avg | 19.2 |
| Villagers / military | 142 / 107 |
Focus
⚔️ 35.8% · 🌾 64.2%
Cavalry Archer ×59 · Knight ×23 · Scout Cavalry ×21 · Spearman ×2 · Archer ×1 · Magyar Huszar ×1
Feudal
7:40
Castle
21:29
Imperial
38:26
| APM avg | 35.3 |
| APM peak | 76 |
| eAPM avg | 21.1 |
| Villagers / military | 165 / 169 |
Focus
⚔️ 31.4% · 🌾 68.6%
Scout Cavalry ×86 · Archer ×28 · Cavalry Archer ×27 · Camel Scout ×24 · Spearman ×3 · Monk ×1
Feudal
8:17
Castle
24:52
Imperial
40:37
| APM avg | 46.8 |
| APM peak | 94 |
| eAPM avg | 29.2 |
| Villagers / military | 180 / 221 |
Focus
⚔️ 33.3% · 🌾 66.7%
Scout Cavalry ×205 · Scorpion ×7 · Battering Ram ×7 · Mangonel ×1 · Battle Elephant ×1
Feudal
8:55
Castle
18:06
Imperial
31:32
| APM avg | 84.4 |
| APM peak | 137 |
| eAPM avg | 43.1 |
| Villagers / military | 160 / 266 |
Focus
⚔️ 57.3% · 🌾 42.7%
Magyar Huszar ×139 · Cavalry Archer ×102 · Scout Cavalry ×15 · Trade Cart ×9 · Trebuchet (Packed) ×9 · Monk ×1
Match map
Initial resources + every placement click. Lines = walls · curves = elevation contours. ◆ gold · ⬟ stone · ● berries · ✦ relic · ◌ wall gap
Your base· Open — unwalled flank
YOUR CASTLE WILL DAUT's base· ✓ Closed at 20:20 · 39t walls · fragile
VL Marcelsanz's base· Open — unwalled flank
freedom is not free's base· ✓ Closed at 20:28 · 15t walls · 2 gate(s) · fragile
VL Lil_Manch's base· Open — unwalled flank
gimin's base· ✓ Closed at 21:29 · 34t walls · 1 gate(s) · fragile
VL GaaRa__'s base· Open — unwalled flank
Zionic's base· ✓ Closed at 18:06 · 0t walls · fragile
Smoothed initial terrain · ◌ = detected wall gap · hover for details
Inputs per minute
— VL KRATOS ELGUARDIAN - - YOUR CASTLE WILL DAUT
Build order — VL KRATOS ELGUARDIAN
First 150 of 485 actions detected
| 0:01 | Create | Villager (Male) |
| 0:01 | Create | Villager (Male) |
| 0:02 | Build | House |
| 0:03 | Build | House |
| 0:29 | Create | Villager (Male) |
| 0:35 | Create | Villager (Male) |
| 1:14 | Create | Villager (Male) |
| 1:57 | Create | Villager (Male) |
| 2:13 | Build | Lumber Camp |
| 2:15 | Create | Villager (Male) |
| 2:46 | Create | Villager (Male) |
| 3:10 | Create | Villager (Male) |
| 3:27 | Build | House |
| 3:28 | Build | House |
| 3:34 | Create | Villager (Male) |
| 4:12 | Create | Villager (Male) |
| 4:38 | Create | Villager (Male) |
| 5:12 | Create | Villager (Male) |
| 5:21 | Create | Villager (Male) |
| 5:34 | Build | House |
| 5:38 | Build | Palisade Wall |
| 5:45 | Create | Villager (Male) |
| 6:05 | Research | Loom |
| 6:56 | Build | Mill |
| 6:57 | Create | Villager (Male) |
| 7:04 | Build | House |
| 7:08 | Build | Palisade Wall |
| 7:13 | Build | Palisade Wall |
| 7:31 | Research | Feudal Age |
| 8:14 | Build | Palisade Wall |
| 9:41 | Age | Feudal Age |
| 10:00 | Create | Villager (Male) |
| 10:06 | Build | Town Center |
| 10:09 | Create | Villager (Male) |
| 10:11 | Create | Villager (Male) |
| 10:19 | Create | Villager (Male) |
| 10:21 | Create | Villager (Male) |
| 10:44 | Research | Double-Bit Axe |
| 10:57 | Create | Villager (Male) |
| 11:22 | Create | Villager (Male) |
| 11:37 | Create | Villager (Male) |
| 12:02 | Research | Horse Collar |
| 12:07 | Build | Farm |
| 12:11 | Create | Villager (Male) |
| 12:19 | Build | Farm |
| 12:21 | Create | Villager (Male) |
| 12:36 | Build | Farm |
| 12:43 | Build | Farm |
| 12:44 | Create | Villager (Male) |
| 12:46 | Create | Villager (Male) |
| 12:47 | Create | Villager (Male) |
| 12:47 | Create | Villager (Male) |
| 12:49 | Create | Villager (Male) |
| 12:49 | Create | Villager (Male) |
| 12:49 | Create | Villager (Male) |
| 12:50 | Create | Villager (Male) |
| 12:50 | Create | Villager (Male) |
| 12:53 | Build | House |
| 12:54 | Build | House |
| 13:01 | Create | Villager (Male) |
| 13:05 | Build | Farm |
| 13:22 | Create | Villager (Male) |
| 13:27 | Build | Farm |
| 13:29 | Build | Farm |
| 13:30 | Create | Villager (Male) |
| 13:34 | Build | House |
| 13:38 | Create | Villager (Male) |
| 13:53 | Create | Villager (Male) |
| 14:03 | Create | Villager (Male) |
| 14:11 | Build | House |
| 14:12 | Build | House |
| 14:18 | Build | Farm |
| 14:22 | Build | Farm |
| 14:23 | Create | Villager (Male) |
| 14:33 | Create | Villager (Male) |
| 14:46 | Build | House |
| 14:56 | Build | Market |
| 15:04 | Build | Blacksmith |
| 15:07 | Build | House |
| 15:09 | Create | Villager (Male) |
| 15:13 | Create | Villager (Male) |
| 15:18 | Build | Mining Camp |
| 15:19 | Create | Villager (Male) |
| 15:21 | Build | Farm |
| 15:22 | Create | Villager (Male) |
| 15:26 | Build | House |
| 15:40 | Create | Villager (Male) |
| 15:53 | Build | Farm |
| 15:55 | Build | Farm |
| 15:58 | Build | Farm |
| 15:59 | Create | Villager (Male) |
| 16:01 | Build | Farm |
| 16:05 | Create | Villager (Male) |
| 16:11 | Create | Villager (Male) |
| 16:20 | Build | Farm |
| 16:24 | Build | Farm |
| 16:28 | Build | Farm |
| 16:29 | Build | Farm |
| 16:30 | Create | Villager (Male) |
| 16:48 | Build | Farm |
| 16:51 | Build | Farm |
| 16:52 | Create | Villager (Male) |
| 16:57 | Build | Farm |
| 16:58 | Build | Farm |
| 17:01 | Build | Farm |
| 17:15 | Build | Farm |
| 17:22 | Build | Farm |
| 17:28 | Create | Villager (Male) |
| 17:43 | Build | Farm |
| 17:45 | Build | Farm |
| 17:47 | Build | Farm |
| 17:47 | Build | Farm |
| 17:48 | Create | Villager (Male) |
| 17:52 | Build | Farm |
| 17:55 | Build | Farm |
| 17:58 | Build | Farm |
| 18:05 | Create | Villager (Male) |
| 18:07 | Create | Villager (Male) |
| 18:13 | Create | Villager (Male) |
| 18:17 | Create | Villager (Male) |
| 18:25 | Build | Farm |
| 18:41 | Build | Barracks |
| 18:44 | Create | Villager (Male) |
| 19:05 | Research | Castle Age |
| 19:06 | Create | Villager (Male) |
| 19:32 | Build | Stable |
| 19:35 | Build | Stable |
| 20:00 | Build | Stable |
| 20:04 | Research | Scale Barding Armor |
| 20:07 | Create | Villager (Male) |
| 20:16 | Build | Mining Camp |
| 20:22 | Create | Villager (Male) |
| 20:31 | Build | Stable |
| 20:44 | Create | Villager (Male) |
| 20:46 | Create | Villager (Male) |
| 20:48 | Research | Wheelbarrow |
| 20:54 | Research | Gold Mining |
| 21:15 | Research | Bloodlines |
| 21:23 | Build | Farm |
| 21:24 | Build | Farm |
| 21:26 | Build | Farm |
| 21:30 | Build | Farm |
| 21:35 | Build | Farm |
| 21:37 | Build | Farm |
| 21:42 | Build | Farm |
| 21:49 | Age | Castle Age |
| 21:55 | Create | Knight |
| 21:56 | Create | Knight |
| 21:56 | Create | Knight |
| 21:58 | Research | Chain Barding Armor |
Build order — YOUR CASTLE WILL DAUT
First 150 of 464 actions detected
| 0:02 | Create | Villager (Male) |
| 0:03 | Create | Villager (Male) |
| 0:03 | Create | Villager (Male) ×3 |
| 0:06 | Build | House |
| 0:10 | Build | House |
| 1:22 | Create | Villager (Male) |
| 1:22 | Create | Villager (Male) |
| 1:52 | Create | Villager (Male) |
| 1:53 | Create | Villager (Male) |
| 2:17 | Create | Villager (Male) |
| 2:17 | Create | Villager (Male) |
| 2:38 | Create | Villager (Male) |
| 2:38 | Create | Villager (Male) |
| 2:45 | Build | Settlement |
| 3:09 | Build | House |
| 3:14 | Build | House |
| 3:21 | Create | Villager (Male) |
| 3:22 | Create | Villager (Male) |
| 3:30 | Create | Villager (Male) |
| 3:31 | Create | Villager (Male) |
| 3:56 | Create | Villager (Male) ×2 |
| 3:56 | Create | Villager (Male) ×2 |
| 4:55 | Create | Villager (Male) |
| 4:55 | Create | Villager (Male) |
| 5:12 | Build | Palisade Wall |
| 5:22 | Create | Villager (Male) ×2 |
| 5:22 | Create | Villager (Male) ×2 |
| 6:01 | Create | Villager (Male) |
| 6:02 | Create | Villager (Male) |
| 6:19 | Build | Palisade Wall |
| 6:30 | Build | Barracks |
| 6:35 | Create | Villager (Male) |
| 6:36 | Create | Villager (Male) |
| 6:52 | Build | Palisade Wall |
| 6:59 | Build | House |
| 7:12 | Create | Villager (Male) |
| 7:12 | Create | Villager (Male) |
| 7:51 | Build | Palisade Wall |
| 8:06 | Research | Loom |
| 8:12 | Build | Settlement |
| 8:59 | Build | Palisade Wall |
| 9:12 | Research | Feudal Age |
| 9:12 | Research | Feudal Age |
| 9:27 | Build | Palisade Wall |
| 9:35 | Build | House |
| 9:36 | Build | House |
| 9:43 | Create | Villager (Male) |
| 9:43 | Create | Villager (Male) |
| 10:35 | Build | Settlement |
| 11:22 | Age | Feudal Age |
| 11:26 | Create | Villager (Male) |
| 11:37 | Build | Market |
| 11:54 | Build | Blacksmith |
| 12:13 | Build | Palisade Wall |
| 12:18 | Create | Villager (Male) |
| 12:30 | Build | Settlement |
| 12:38 | Create | Spearman |
| 12:38 | Create | Spearman |
| 12:54 | Create | Villager (Male) |
| 13:04 | Create | Spearman |
| 13:19 | Create | Villager (Male) |
| 13:19 | Create | Villager (Male) |
| 13:27 | Create | Spearman |
| 13:48 | Create | Villager (Male) |
| 13:49 | Create | Villager (Male) |
| 13:57 | Build | Farm |
| 13:58 | Build | Farm |
| 13:59 | Build | Farm |
| 14:00 | Build | Farm |
| 14:10 | Create | Villager (Male) |
| 14:11 | Create | Villager (Male) |
| 14:31 | Create | Villager (Male) |
| 14:31 | Create | Villager (Male) |
| 15:19 | Create | Villager (Male) |
| 15:19 | Create | Villager (Male) |
| 15:32 | Create | Spearman |
| 15:32 | Create | Spearman |
| 16:01 | Build | Farm |
| 16:01 | Build | Farm |
| 16:02 | Build | Farm |
| 16:02 | Build | Farm |
| 16:13 | Create | Villager (Male) |
| 16:14 | Create | Villager (Male) |
| 17:05 | Build | Farm |
| 17:40 | Research | Castle Age |
| 17:40 | Research | Castle Age |
| 18:05 | Research | Double-Bit Axe |
| 18:26 | Research | Horse Collar |
| 18:31 | Research | Gold Mining |
| 18:31 | Research | Gold Mining |
| 20:05 | Create | Villager (Male) |
| 20:06 | Create | Villager (Male) |
| 20:06 | Create | Villager (Male) |
| 20:20 | Age | Castle Age |
| 20:32 | Build | Castle |
| 20:49 | Build | Town Center |
| 20:52 | Research | Town Watch |
| 21:02 | Research | Bow Saw |
| 21:07 | Create | Villager (Male) |
| 21:38 | Build | Town Center |
| 21:41 | Create | Villager (Male) |
| 21:47 | Build | Farm |
| 21:48 | Build | Farm |
| 21:48 | Build | Farm |
| 21:48 | Build | Farm |
| 21:48 | Build | Farm |
| 21:49 | Build | Farm |
| 21:58 | Create | Villager (Male) |
| 22:02 | Research | Horse Collar |
| 22:09 | Create | Unit 2579 |
| 22:09 | Create | Unit 2579 |
| 22:17 | Create | Villager (Male) |
| 22:17 | Create | Villager (Male) |
| 22:17 | Create | Villager (Male) |
| 22:29 | Create | Villager (Male) |
| 22:29 | Create | Villager (Male) |
| 22:53 | Build | Farm |
| 22:53 | Build | Farm |
| 22:53 | Build | Farm |
| 22:53 | Build | Farm |
| 22:54 | Build | Farm |
| 22:54 | Build | Farm |
| 23:00 | Build | Farm |
| 23:00 | Build | Farm |
| 23:01 | Build | Farm |
| 23:01 | Build | Farm |
| 23:01 | Build | Farm |
| 23:01 | Build | Farm |
| 23:06 | Create | Villager (Male) |
| 23:06 | Create | Villager (Male) |
| 23:20 | Build | Farm |
| 23:26 | Create | Villager (Male) |
| 23:27 | Create | Villager (Male) |
| 23:27 | Create | Villager (Male) |
| 23:31 | Create | Villager (Male) |
| 23:32 | Create | Villager (Male) |
| 23:32 | Create | Villager (Male) |
| 23:42 | Create | Villager (Male) |
| 23:42 | Create | Villager (Male) |
| 23:47 | Build | Farm |
| 23:57 | Build | Farm |
| 23:58 | Build | Farm |
| 24:00 | Create | Villager (Male) |
| 24:00 | Create | Villager (Male) |
| 24:00 | Create | Villager (Male) |
| 24:16 | Create | Villager (Male) ×2 |
| 24:16 | Create | Villager (Male) ×2 |
| 24:16 | Create | Villager (Male) ×2 |
| 24:22 | Build | Gate |
| 24:29 | Create | Villager (Male) |
Build order — VL Marcelsanz
First 150 of 368 actions detected
| 0:01 | Create | Villager (Male) |
| 0:02 | Create | Villager (Male) |
| 0:04 | Build | House |
| 0:06 | Build | House |
| 0:30 | Create | Villager (Male) |
| 0:30 | Create | Villager (Male) |
| 1:54 | Create | Villager (Male) |
| 1:54 | Create | Villager (Male) |
| 2:32 | Create | Villager (Male) |
| 2:32 | Create | Villager (Male) |
| 2:52 | Build | Settlement |
| 2:54 | Create | Villager (Male) |
| 3:04 | Build | House |
| 3:25 | Create | Villager (Male) |
| 4:15 | Create | Villager (Male) |
| 4:51 | Create | Villager (Male) |
| 4:52 | Create | Villager (Male) |
| 4:52 | Create | Villager (Male) |
| 4:52 | Create | Villager (Male) |
| 4:52 | Create | Villager (Male) |
| 5:20 | Create | Villager (Male) |
| 6:05 | Create | Villager (Male) |
| 6:05 | Create | Villager (Male) |
| 6:15 | Build | Settlement |
| 7:35 | Create | Villager (Male) |
| 7:45 | Research | Loom |
| 8:02 | Research | Feudal Age |
| 9:41 | Create | Villager (Male) |
| 9:41 | Create | Villager (Male) |
| 10:22 | Age | Feudal Age |
| 10:22 | Create | Spearman |
| 10:23 | Create | Spearman |
| 10:31 | Build | Settlement |
| 10:52 | Build | Farm |
| 10:54 | Research | Double-Bit Axe |
| 11:08 | Create | Villager (Male) |
| 11:33 | Research | Horse Collar |
| 11:37 | Build | Farm |
| 11:39 | Create | Villager (Male) |
| 11:39 | Create | Villager (Male) |
| 11:55 | Build | House |
| 11:57 | Build | House |
| 12:00 | Build | Farm |
| 12:08 | Build | Farm |
| 12:18 | Build | Farm |
| 12:21 | Create | Villager (Male) |
| 12:52 | Create | Villager (Male) |
| 13:16 | Create | Villager (Male) |
| 13:18 | Build | Blacksmith |
| 13:33 | Create | Villager (Male) |
| 13:49 | Build | Market |
| 14:05 | Create | Villager (Male) |
| 14:07 | Build | Farm |
| 14:12 | Create | Skirmisher |
| 14:13 | Create | Skirmisher |
| 14:21 | Build | Farm |
| 14:41 | Research | Castle Age |
| 14:53 | Build | Farm |
| 14:57 | Build | Farm |
| 15:15 | Create | Skirmisher |
| 15:15 | Create | Skirmisher |
| 15:34 | Create | Spearman |
| 15:35 | Create | Skirmisher |
| 16:21 | Research | Fletching |
| 16:25 | Build | Barracks |
| 17:06 | Research | Padded Archer Armor |
| 17:08 | Create | Villager (Male) |
| 17:08 | Create | Villager (Male) |
| 17:21 | Age | Castle Age |
| 17:29 | Build | Town Center |
| 17:40 | Research | Bow Saw |
| 17:41 | Research | Gold Mining |
| 17:51 | Create | Skirmisher |
| 17:52 | Create | Skirmisher |
| 18:24 | Create | Villager (Male) |
| 18:24 | Create | Villager (Male) |
| 18:24 | Create | Villager (Male) |
| 18:40 | Build | Archery Range |
| 18:55 | Create | Villager (Male) |
| 18:55 | Create | Villager (Male) |
| 18:55 | Create | Villager (Male) |
| 19:01 | Build | House |
| 19:02 | Build | House |
| 19:03 | Build | House |
| 19:04 | Build | House |
| 19:22 | Create | Villager (Male) |
| 19:22 | Create | Villager (Male) |
| 19:23 | Create | Villager (Male) |
| 19:36 | Build | House |
| 20:13 | Create | Villager (Male) |
| 20:13 | Create | Villager (Male) |
| 20:28 | Create | Bolas Rider ×5 |
| 20:36 | Create | Villager (Male) |
| 20:39 | Build | Farm |
| 20:39 | Build | Farm |
| 20:39 | Build | Farm |
| 20:39 | Build | Farm |
| 20:40 | Build | Farm |
| 20:47 | Create | Villager (Male) |
| 20:47 | Create | Villager (Male) |
| 21:08 | Create | Villager (Male) |
| 21:21 | Build | Archery Range |
| 21:29 | Build | Palisade Wall |
| 21:37 | Build | Settlement |
| 21:40 | Create | Villager (Male) |
| 21:40 | Create | Villager (Male) |
| 22:11 | Create | Villager (Male) |
| 22:11 | Create | Villager (Male) |
| 22:19 | Build | Settlement |
| 22:37 | Create | Villager (Male) |
| 22:38 | Create | Villager (Male) |
| 23:07 | Create | Villager (Male) |
| 23:07 | Create | Villager (Male) |
| 23:15 | Build | Town Center |
| 23:34 | Create | Villager (Male) |
| 23:35 | Create | Villager (Male) |
| 23:38 | Create | Bolas Rider ×4 |
| 23:39 | Create | Villager (Male) |
| 23:40 | Create | Villager (Male) |
| 23:40 | Create | Villager (Male) |
| 24:09 | Create | Villager (Male) |
| 24:09 | Create | Villager (Male) |
| 24:10 | Create | Villager (Male) |
| 24:22 | Create | Villager (Male) |
| 24:22 | Create | Villager (Male) |
| 24:36 | Create | Villager (Male) |
| 24:55 | Build | House |
| 24:56 | Build | House |
| 24:57 | Build | House |
| 25:00 | Create | Villager (Male) |
| 25:01 | Create | Villager (Male) |
| 25:10 | Create | Bolas Rider ×3 |
| 25:31 | Build | Farm |
| 25:32 | Build | Farm |
| 25:32 | Build | Farm |
| 25:32 | Build | Farm |
| 25:40 | Create | Villager (Male) |
| 25:40 | Create | Villager (Male) |
| 25:40 | Create | Villager (Male) |
| 25:43 | Build | Farm |
| 25:43 | Build | Farm |
| 25:43 | Build | Farm |
| 25:43 | Build | Farm |
| 26:02 | Build | Farm |
| 26:04 | Create | Villager (Male) |
| 26:04 | Create | Villager (Male) |
| 26:04 | Create | Villager (Male) |
| 26:07 | Build | Farm |
| 26:25 | Create | Villager (Male) |
| 26:35 | Create | Villager (Male) |
Build order — freedom is not free
First 150 of 462 actions detected
| 0:01 | Create | Villager (Male) |
| 0:01 | Create | Villager (Male) |
| 0:13 | Create | Villager (Male) |
| 0:14 | Create | Villager (Male) |
| 1:18 | Create | Villager (Male) |
| 1:18 | Create | Villager (Male) |
| 1:40 | Create | Villager (Male) |
| 2:13 | Create | Villager (Male) |
| 2:52 | Create | Villager (Male) |
| 2:59 | Build | Lumber Camp |
| 3:13 | Create | Villager (Male) |
| 3:30 | Create | Villager (Male) |
| 4:06 | Create | Villager (Male) |
| 4:32 | Create | Villager (Male) |
| 4:33 | Create | Villager (Male) |
| 5:08 | Create | Villager (Male) |
| 5:42 | Create | Villager (Male) |
| 5:53 | Create | Villager (Male) |
| 5:53 | Create | Villager (Male) |
| 5:54 | Create | Villager (Male) |
| 6:15 | Create | Villager (Male) |
| 6:28 | Create | Villager (Male) |
| 6:36 | Build | Mill |
| 7:30 | Research | Feudal Age |
| 8:14 | Build | Barracks |
| 8:20 | Build | Palisade Wall |
| 9:33 | Build | Palisade Wall |
| 9:41 | Age | Feudal Age |
| 9:43 | Create | Villager (Male) |
| 9:46 | Research | Double-Bit Axe |
| 10:03 | Build | Stable |
| 10:13 | Research | Wheelbarrow |
| 10:14 | Research | Loom |
| 10:15 | Create | Villager (Male) |
| 10:34 | Research | Horse Collar |
| 10:47 | Build | Palisade Gate |
| 10:52 | Create | Scout Cavalry |
| 10:52 | Create | Scout Cavalry |
| 11:22 | Build | Gate |
| 11:30 | Build | Stone Wall |
| 11:35 | Create | Villager (Male) |
| 11:42 | Build | Farm |
| 11:44 | Build | Farm |
| 11:45 | Build | Farm |
| 11:46 | Build | Farm |
| 11:48 | Build | Farm |
| 12:11 | Create | Villager (Male) |
| 12:33 | Build | Farm |
| 12:47 | Create | Scout Cavalry |
| 12:47 | Create | Scout Cavalry |
| 13:03 | Create | Villager (Male) |
| 13:07 | Build | Lumber Camp |
| 13:14 | Create | Villager (Male) |
| 13:35 | Build | Farm |
| 13:36 | Build | Farm |
| 13:54 | Create | Villager (Male) |
| 14:03 | Build | Farm |
| 14:04 | Build | Farm |
| 14:07 | Create | Villager (Male) |
| 14:39 | Create | Villager (Male) |
| 14:52 | Build | Blacksmith |
| 15:01 | Build | Farm |
| 15:02 | Build | Farm |
| 15:05 | Create | Villager (Male) |
| 15:13 | Build | Mining Camp |
| 15:18 | Create | Villager (Male) |
| 15:49 | Create | Villager (Male) |
| 16:26 | Create | Villager (Male) |
| 16:26 | Create | Villager (Male) |
| 17:19 | Create | Villager (Male) |
| 17:19 | Create | Villager (Male) |
| 17:39 | Build | Farm |
| 17:40 | Build | Farm |
| 17:41 | Build | Farm |
| 17:48 | Research | Castle Age |
| 17:52 | Research | Gold Mining |
| 18:05 | Build | Stable |
| 18:09 | Build | Stable |
| 18:19 | Create | Villager (Male) |
| 18:19 | Create | Villager (Male) |
| 18:28 | Research | Scale Barding Armor |
| 18:44 | Build | Farm |
| 18:45 | Build | Farm |
| 18:46 | Build | Farm |
| 18:48 | Build | Farm |
| 18:49 | Build | Farm |
| 18:59 | Research | Bloodlines |
| 20:01 | Research | Forging |
| 20:28 | Age | Castle Age |
| 20:32 | Research | Heavy Plow |
| 20:34 | Research | Bow Saw |
| 20:39 | Research | Light Cavalry (upgrade) |
| 20:43 | Research | Husbandry |
| 20:43 | Research | Husbandry |
| 21:31 | Research | Hand Cart |
| 21:46 | Create | Villager (Male) |
| 21:52 | Build | Town Center |
| 21:56 | Create | Villager (Male) |
| 22:21 | Research | Chain Barding Armor |
| 23:07 | Create | Villager (Male) |
| 23:10 | Research | Iron Casting |
| 23:30 | Create | Villager (Male) |
| 23:31 | Create | Villager (Male) |
| 23:31 | Create | Villager (Male) |
| 23:31 | Create | Villager (Male) |
| 23:36 | Create | Villager (Male) |
| 24:20 | Create | Villager (Male) |
| 24:21 | Create | Villager (Male) |
| 24:21 | Create | Villager (Male) |
| 24:44 | Create | Knight |
| 24:44 | Create | Knight |
| 24:44 | Create | Knight |
| 24:45 | Create | Knight |
| 24:45 | Create | Knight |
| 24:45 | Create | Knight |
| 25:07 | Create | Villager (Male) |
| 25:07 | Create | Villager (Male) |
| 25:08 | Create | Villager (Male) |
| 25:08 | Create | Villager (Male) |
| 25:15 | Build | Farm |
| 25:16 | Build | Farm |
| 25:17 | Build | Farm |
| 25:18 | Build | Farm |
| 25:20 | Build | Farm |
| 25:21 | Build | Farm |
| 25:27 | Create | Villager (Male) |
| 25:27 | Create | Villager (Male) |
| 25:48 | Create | Knight |
| 25:49 | Create | Knight |
| 25:49 | Create | Knight |
| 25:49 | Create | Knight |
| 26:03 | Build | Farm |
| 26:05 | Build | Farm |
| 26:06 | Build | Farm |
| 26:08 | Build | Farm |
| 26:10 | Build | Mill |
| 26:14 | Create | Villager (Male) |
| 26:14 | Create | Villager (Male) |
| 26:44 | Create | Knight |
| 26:45 | Create | Knight |
| 26:45 | Create | Knight |
| 26:50 | Create | Villager (Male) |
| 26:51 | Create | Villager (Male) |
| 26:51 | Create | Villager (Male) |
| 27:20 | Create | Knight |
| 27:36 | Create | Villager (Male) |
| 27:36 | Create | Villager (Male) |
| 27:36 | Create | Villager (Male) |
| 27:37 | Create | Villager (Male) |
| 27:42 | Create | Knight |
Build order — VL Lil_Manch
First 150 of 411 actions detected
| 0:02 | Create | Villager (Male) |
| 0:02 | Create | Villager (Male) |
| 0:02 | Create | Villager (Male) |
| 0:03 | Create | Villager (Male) |
| 0:03 | Create | Villager (Male) |
| 0:05 | Build | House |
| 0:07 | Build | House |
| 1:27 | Create | Villager (Male) |
| 1:52 | Create | Villager (Male) |
| 1:55 | Build | Lumber Camp |
| 2:24 | Create | Villager (Male) |
| 2:51 | Create | Villager (Male) |
| 3:03 | Create | Villager (Male) |
| 4:06 | Create | Villager (Male) |
| 4:18 | Create | Villager (Male) |
| 4:30 | Build | House |
| 4:49 | Create | Villager (Male) |
| 4:49 | Create | Villager (Male) |
| 5:08 | Build | Mill |
| 5:21 | Create | Villager (Male) |
| 5:35 | Create | Villager (Male) |
| 5:45 | Build | House |
| 5:52 | Create | Villager (Male) |
| 5:52 | Create | Villager (Male) |
| 6:28 | Research | Loom |
| 7:17 | Research | Feudal Age |
| 8:11 | Build | Barracks |
| 9:20 | Create | Villager (Male) |
| 9:27 | Age | Feudal Age |
| 9:29 | Build | Stable |
| 9:30 | Create | Spearman |
| 9:41 | Create | Villager (Male) |
| 9:48 | Research | Double-Bit Axe |
| 9:54 | Create | Spearman |
| 10:10 | Create | Villager (Male) |
| 10:23 | Build | House |
| 10:28 | Build | House |
| 10:31 | Build | Palisade Wall |
| 10:36 | Create | Scout Cavalry |
| 10:42 | Create | Villager (Male) |
| 10:44 | Build | House |
| 11:04 | Create | Villager (Male) |
| 11:19 | Create | Scout Cavalry |
| 11:37 | Build | Blacksmith |
| 11:43 | Create | Villager (Male) |
| 11:58 | Create | Scout Cavalry |
| 12:11 | Build | Palisade Wall |
| 12:30 | Build | Palisade Gate |
| 12:33 | Create | Scout Cavalry |
| 12:33 | Create | Villager (Male) |
| 12:43 | Build | Farm |
| 12:45 | Build | Farm |
| 12:46 | Build | Farm |
| 12:48 | Build | Farm |
| 12:57 | Create | Villager (Male) |
| 13:00 | Build | Farm |
| 13:01 | Create | Villager (Male) |
| 13:19 | Create | Villager (Male) |
| 13:33 | Create | Villager (Male) |
| 13:36 | Build | Farm |
| 13:43 | Research | Horse Collar |
| 14:07 | Create | Villager (Male) |
| 14:25 | Build | House |
| 14:27 | Research | Scale Barding Armor |
| 14:36 | Create | Scout Cavalry |
| 14:43 | Build | Farm |
| 14:45 | Build | Farm |
| 14:46 | Build | Farm |
| 14:46 | Create | Villager (Male) |
| 14:53 | Build | House |
| 14:57 | Build | Market |
| 15:19 | Create | Villager (Male) |
| 15:26 | Create | Scout Cavalry |
| 15:33 | Build | Farm |
| 15:34 | Build | Farm |
| 15:37 | Build | Farm |
| 15:38 | Create | Villager (Male) |
| 15:47 | Create | Scout Cavalry |
| 16:11 | Build | House |
| 16:23 | Create | Villager (Male) |
| 16:25 | Create | Scout Cavalry |
| 16:45 | Create | Scout Cavalry |
| 16:45 | Create | Scout Cavalry |
| 16:54 | Build | House |
| 16:56 | Build | Palisade Wall |
| 16:57 | Create | Villager (Male) |
| 16:59 | Build | Farm |
| 17:01 | Create | Villager (Male) |
| 17:17 | Create | Villager (Male) |
| 17:29 | Build | Farm |
| 17:31 | Build | Farm |
| 17:31 | Build | Farm |
| 17:31 | Build | Farm |
| 17:31 | Build | Farm |
| 17:32 | Build | Farm |
| 17:34 | Create | Villager (Male) |
| 17:45 | Build | House |
| 18:18 | Build | House |
| 18:32 | Create | Villager (Male) |
| 18:32 | Create | Villager (Male) |
| 18:35 | Build | Mining Camp |
| 18:48 | Create | Villager (Male) |
| 19:53 | Research | Castle Age |
| 20:48 | Create | Scout Cavalry |
| 20:49 | Create | Scout Cavalry |
| 21:01 | Build | Stable |
| 21:10 | Build | Palisade Wall |
| 21:11 | Build | Palisade Wall |
| 21:29 | Build | House |
| 21:34 | Build | Palisade Wall |
| 22:08 | Create | Villager (Male) |
| 22:14 | Research | Bloodlines |
| 22:17 | Create | Scout Cavalry |
| 22:19 | Create | Scout Cavalry |
| 22:33 | Age | Castle Age |
| 22:38 | Research | Light Cavalry (upgrade) |
| 22:50 | Build | Farm |
| 22:51 | Build | Farm |
| 22:51 | Build | Farm |
| 22:51 | Build | Farm |
| 22:51 | Build | Farm |
| 22:52 | Build | Farm |
| 22:52 | Build | Farm |
| 22:55 | Create | Villager (Male) |
| 22:59 | Create | Villager (Male) |
| 23:11 | Build | Palisade Wall |
| 23:21 | Create | Scout Cavalry |
| 23:38 | Create | Villager (Male) |
| 23:51 | Build | Town Center |
| 23:59 | Build | Lumber Camp |
| 24:02 | Research | Bow Saw |
| 24:25 | Create | Scout Cavalry |
| 24:26 | Create | Scout Cavalry |
| 24:33 | Create | Villager (Male) |
| 24:38 | Build | Farm |
| 24:51 | Create | Scout Cavalry |
| 24:51 | Create | Scout Cavalry |
| 24:58 | Create | Villager (Male) |
| 25:04 | Create | Scout Cavalry |
| 25:08 | Build | Farm |
| 25:09 | Build | Farm |
| 25:09 | Build | Farm |
| 25:31 | Create | Villager (Male) |
| 25:35 | Create | Villager (Male) |
| 25:36 | Create | Villager (Male) |
| 25:38 | Build | Farm |
| 25:46 | Build | House |
| 25:53 | Create | Scout Cavalry |
| 25:58 | Create | Villager (Male) |
| 26:16 | Create | Villager (Male) |
Build order — gimin
First 150 of 494 actions detected
| 0:02 | Create | Villager (Male) ×4 |
| 0:03 | Build | House |
| 0:05 | Build | House |
| 1:30 | Create | Villager (Male) |
| 2:05 | Create | Villager (Male) |
| 2:08 | Build | Lumber Camp |
| 2:09 | Create | Villager (Male) |
| 2:09 | Create | Villager (Male) |
| 2:32 | Create | Villager (Male) |
| 2:32 | Create | Villager (Male) |
| 2:57 | Create | Villager (Male) |
| 3:36 | Create | Villager (Male) |
| 3:44 | Create | Villager (Male) |
| 3:50 | Build | House |
| 4:24 | Create | Villager (Male) |
| 4:36 | Build | Mining Camp |
| 4:49 | Create | Villager (Male) |
| 5:30 | Research | Feudal Age |
| 5:32 | Research | Loom |
| 6:48 | Build | Barracks |
| 7:37 | Create | Villager (Male) |
| 7:37 | Create | Villager (Male) |
| 7:40 | Age | Feudal Age |
| 7:47 | Build | Archery Range |
| 7:50 | Build | House |
| 7:55 | Research | Double-Bit Axe |
| 8:13 | Create | Spearman |
| 8:29 | Build | Mill |
| 8:31 | Create | Archer |
| 8:33 | Create | Villager (Male) |
| 8:41 | Create | Archer |
| 8:54 | Build | House |
| 9:00 | Build | Palisade Wall |
| 9:04 | Create | Villager (Male) |
| 9:07 | Build | House |
| 9:18 | Create | Villager (Male) |
| 9:34 | Build | Palisade Wall |
| 9:35 | Build | Palisade Wall |
| 9:53 | Build | Farm |
| 9:54 | Build | Farm |
| 10:04 | Create | Archer |
| 10:37 | Build | Farm |
| 10:38 | Build | Farm |
| 10:38 | Build | Farm |
| 10:41 | Build | Blacksmith |
| 10:45 | Create | Archer |
| 10:46 | Create | Archer |
| 11:00 | Create | Villager (Male) |
| 11:09 | Build | Palisade Wall |
| 11:11 | Build | Palisade Wall |
| 11:21 | Build | House |
| 11:30 | Create | Villager (Male) |
| 11:35 | Create | Archer |
| 11:59 | Create | Villager (Male) |
| 12:08 | Create | Villager (Male) |
| 12:25 | Build | House |
| 12:30 | Build | Palisade Wall |
| 12:32 | Create | Archer |
| 12:35 | Create | Villager (Male) |
| 12:44 | Research | Fletching |
| 12:44 | Research | Fletching |
| 12:44 | Research | Fletching |
| 12:52 | Create | Villager (Male) |
| 13:09 | Build | House |
| 13:17 | Build | House |
| 13:18 | Create | Villager (Male) |
| 13:23 | Build | House |
| 13:27 | Create | Archer |
| 13:42 | Create | Spearman |
| 13:49 | Build | House |
| 13:55 | Build | Palisade Wall |
| 13:57 | Create | Villager (Male) |
| 14:02 | Create | Archer |
| 14:14 | Create | Villager (Male) |
| 14:23 | Create | Villager (Male) |
| 14:30 | Build | Farm |
| 14:35 | Build | House |
| 14:39 | Build | Market |
| 14:52 | Create | Villager (Male) |
| 15:05 | Build | Farm |
| 15:06 | Build | Farm |
| 15:06 | Build | Farm |
| 15:06 | Build | Farm |
| 15:23 | Create | Archer |
| 15:29 | Create | Villager (Male) |
| 15:39 | Create | Spearman |
| 15:41 | Create | Archer |
| 15:50 | Build | Farm |
| 15:52 | Build | Farm |
| 15:52 | Create | Villager (Male) |
| 15:54 | Build | House |
| 16:34 | Create | Villager (Male) |
| 16:56 | Create | Villager (Male) |
| 16:59 | Create | Villager (Male) |
| 17:05 | Create | Villager (Male) |
| 17:14 | Build | Lumber Camp |
| 17:21 | Build | Archery Range |
| 17:33 | Build | Palisade Gate |
| 17:44 | Create | Villager (Male) |
| 18:46 | Create | Villager (Male) |
| 18:49 | Research | Castle Age |
| 19:12 | Create | Archer |
| 19:12 | Create | Archer |
| 19:14 | Research | Padded Archer Armor |
| 19:14 | Research | Padded Archer Armor |
| 20:06 | Create | Villager (Male) |
| 20:09 | Create | Villager (Male) |
| 20:28 | Create | Archer |
| 20:29 | Create | Archer |
| 20:29 | Create | Archer |
| 20:29 | Create | Archer |
| 20:35 | Research | Horse Collar |
| 20:36 | Research | Gold Mining |
| 20:36 | Research | Gold Mining |
| 21:13 | Create | Archer |
| 21:14 | Create | Archer |
| 21:17 | Build | House |
| 21:21 | Create | Villager (Male) |
| 21:28 | Create | Archer |
| 21:28 | Create | Archer |
| 21:29 | Age | Castle Age |
| 21:34 | Build | Siege Workshop |
| 21:39 | Research | Gold Shaft Mining |
| 21:50 | Research | Crossbowman (upgrade) |
| 21:56 | Research | Bodkin Arrow |
| 22:15 | Create | Archer |
| 22:15 | Create | Archer |
| 22:20 | Create | Archer |
| 22:43 | Create | Villager (Male) |
| 22:53 | Build | House |
| 22:59 | Build | University |
| 23:00 | Research | Bow Saw |
| 23:00 | Research | Bow Saw |
| 23:09 | Create | Villager (Male) |
| 23:38 | Create | Archer |
| 23:38 | Create | Archer |
| 23:47 | Create | Archer |
| 23:47 | Create | Archer |
| 23:52 | Create | Cavalry Archer |
| 23:54 | Create | Villager (Male) |
| 24:04 | Create | Villager (Male) |
| 24:17 | Build | Monastery |
| 24:41 | Build | Archery Range |
| 24:44 | Build | Stable |
| 24:44 | Create | Villager (Male) |
| 24:44 | Create | Villager (Male) |
| 24:48 | Create | Villager (Male) |
| 24:57 | Create | Villager (Male) |
| 24:59 | Create | Villager (Male) |
| 25:23 | Research | Wheelbarrow |
Build order — VL GaaRa__
First 150 of 686 actions detected
| 0:02 | Create | Villager (Male) |
| 0:03 | Build | House |
| 0:05 | Build | House |
| 0:09 | Create | Villager (Male) |
| 0:09 | Create | Villager (Male) |
| 0:09 | Create | Villager (Male) |
| 0:10 | Create | Villager (Male) |
| 1:21 | Build | Lumber Camp |
| 1:27 | Create | Villager (Male) |
| 1:56 | Create | Villager (Male) |
| 2:31 | Create | Villager (Male) |
| 2:54 | Create | Villager (Male) |
| 2:55 | Create | Villager (Male) |
| 3:19 | Create | Villager (Male) |
| 3:19 | Create | Villager (Male) |
| 3:25 | Build | Mill |
| 3:44 | Create | Villager (Male) |
| 3:45 | Create | Villager (Male) |
| 4:00 | Create | Villager (Male) |
| 4:01 | Create | Villager (Male) |
| 4:01 | Create | Villager (Male) |
| 4:09 | Build | House |
| 4:44 | Create | Villager (Male) |
| 5:14 | Research | Loom |
| 6:07 | Research | Feudal Age |
| 6:07 | Research | Feudal Age |
| 7:25 | Build | House |
| 7:39 | Build | Palisade Wall |
| 8:17 | Age | Feudal Age |
| 8:22 | Build | Stable |
| 8:24 | Create | Villager (Male) |
| 9:03 | Create | Scout Cavalry |
| 9:04 | Create | Scout Cavalry |
| 9:18 | Create | Scout Cavalry |
| 9:29 | Build | Palisade Wall |
| 9:37 | Create | Villager (Male) |
| 10:15 | Create | Scout Cavalry |
| 10:15 | Create | Scout Cavalry |
| 10:31 | Create | Villager (Male) |
| 10:31 | Create | Villager (Male) |
| 10:45 | Create | Villager (Male) |
| 10:45 | Create | Villager (Male) |
| 11:02 | Create | Villager (Male) |
| 11:11 | Build | Archery Range |
| 11:32 | Create | Villager (Male) |
| 11:34 | Create | Villager (Male) |
| 11:53 | Build | Palisade Wall |
| 11:55 | Build | Palisade Wall |
| 12:07 | Build | Palisade Wall |
| 12:12 | Build | Farm |
| 12:13 | Build | Farm |
| 12:13 | Build | Farm |
| 12:13 | Build | Farm |
| 12:22 | Create | Villager (Male) |
| 12:23 | Build | Farm |
| 12:32 | Create | Scout Cavalry |
| 12:38 | Create | Villager (Male) |
| 12:48 | Create | Villager (Male) |
| 13:00 | Build | Farm |
| 13:02 | Build | Farm |
| 13:04 | Build | Farm |
| 13:07 | Build | House |
| 13:08 | Create | Villager (Male) |
| 13:15 | Build | House |
| 13:24 | Create | Scout Cavalry |
| 13:28 | Build | House |
| 13:29 | Build | House |
| 13:42 | Create | Scout Cavalry |
| 13:43 | Create | Scout Cavalry |
| 13:57 | Create | Villager (Male) |
| 14:21 | Create | Scout Cavalry |
| 14:35 | Create | Villager (Male) |
| 14:51 | Create | Villager (Male) |
| 14:52 | Create | Villager (Male) |
| 14:52 | Create | Villager (Male) |
| 15:06 | Build | House |
| 15:14 | Create | Scout Cavalry |
| 15:37 | Create | Villager (Male) |
| 15:40 | Build | Market |
| 15:43 | Create | Villager (Male) |
| 15:54 | Build | Farm |
| 15:56 | Build | Farm |
| 16:14 | Build | House |
| 16:16 | Build | House |
| 16:18 | Create | Villager (Male) |
| 16:37 | Research | Wheelbarrow |
| 16:37 | Research | Wheelbarrow |
| 16:48 | Build | Palisade Wall |
| 16:53 | Build | Palisade Wall |
| 16:55 | Create | Villager (Male) |
| 17:23 | Create | Villager (Male) |
| 17:35 | Research | Horse Collar |
| 17:39 | Create | Villager (Male) |
| 17:56 | Build | Farm |
| 18:14 | Build | Palisade Wall |
| 18:15 | Create | Villager (Male) |
| 18:25 | Create | Villager (Male) |
| 18:57 | Build | Mining Camp |
| 19:08 | Build | Watch Tower |
| 19:10 | Create | Villager (Male) |
| 20:07 | Build | Palisade Wall |
| 20:23 | Build | House |
| 20:28 | Build | Palisade Wall |
| 20:40 | Build | Palisade Wall |
| 20:48 | Build | Farm |
| 20:49 | Build | Farm |
| 20:49 | Build | Farm |
| 20:49 | Build | Farm |
| 20:49 | Build | Farm |
| 20:51 | Create | Villager (Male) |
| 21:43 | Build | Blacksmith |
| 21:45 | Build | House |
| 21:53 | Build | Palisade Wall |
| 22:12 | Research | Castle Age |
| 22:13 | Research | Castle Age |
| 22:27 | Research | Double-Bit Axe |
| 22:27 | Research | Double-Bit Axe |
| 23:09 | Build | Palisade Gate |
| 24:17 | Build | Palisade Wall |
| 24:18 | Research | Bloodlines |
| 24:18 | Research | Bloodlines |
| 24:43 | Build | Mining Camp |
| 24:52 | Age | Castle Age |
| 25:01 | Create | Villager (Male) |
| 25:10 | Build | Town Center |
| 25:15 | Create | Battle Elephant |
| 25:23 | Build | Siege Workshop |
| 25:25 | Create | Villager (Male) |
| 25:33 | Create | Villager (Male) |
| 25:42 | Create | Villager (Male) |
| 25:45 | Research | Bow Saw |
| 26:15 | Build | Town Center |
| 26:18 | Create | Villager (Male) |
| 26:23 | Create | Villager (Male) |
| 26:31 | Create | Scorpion |
| 26:31 | Create | Scorpion |
| 26:36 | Create | Villager (Male) |
| 26:37 | Create | Villager (Male) |
| 26:49 | Build | Outpost |
| 27:01 | Create | Scorpion |
| 27:01 | Create | Scorpion |
| 27:04 | Create | Villager (Male) |
| 27:05 | Create | Villager (Male) |
| 27:46 | Create | Scorpion |
| 27:47 | Create | Scorpion |
| 27:51 | Create | Villager (Male) |
| 27:51 | Create | Villager (Male) |
| 27:51 | Create | Villager (Male) |
| 27:51 | Create | Villager (Male) |
| 27:51 | Create | Villager (Male) |
Build order — Zionic
First 150 of 666 actions detected
| 0:01 | Create | Villager (Male) |
| 0:02 | Build | House |
| 0:03 | Build | House |
| 0:19 | Create | Villager (Male) |
| 0:32 | Create | Villager (Male) |
| 0:32 | Create | Villager (Male) |
| 1:30 | Create | Villager (Male) |
| 1:30 | Create | Villager (Male) |
| 1:52 | Create | Villager (Male) |
| 1:52 | Create | Villager (Male) |
| 2:21 | Build | Lumber Camp |
| 2:33 | Create | Villager (Male) |
| 2:47 | Build | House |
| 3:00 | Create | Villager (Male) |
| 3:17 | Create | Villager (Male) |
| 3:17 | Create | Villager (Male) |
| 3:45 | Create | Villager (Male) |
| 3:45 | Create | Villager (Male) |
| 3:54 | Create | Villager (Male) |
| 3:54 | Create | Villager (Male) |
| 4:22 | Create | Villager (Male) |
| 5:03 | Create | Villager (Male) |
| 5:03 | Create | Villager (Male) |
| 5:03 | Create | Villager (Male) |
| 5:17 | Build | Mill |
| 5:27 | Create | Villager (Male) |
| 5:43 | Research | Loom |
| 5:45 | Create | Villager (Male) |
| 5:45 | Create | Villager (Male) |
| 5:46 | Research | Loom |
| 6:42 | Research | Feudal Age |
| 6:42 | Research | Feudal Age |
| 7:14 | Build | Lumber Camp |
| 7:48 | Build | House |
| 8:10 | Build | Barracks |
| 8:55 | Age | Feudal Age |
| 8:56 | Create | Villager (Male) |
| 9:08 | Build | Stable |
| 9:10 | Build | House |
| 9:12 | Research | Double-Bit Axe |
| 9:19 | Create | Villager (Male) |
| 9:44 | Create | Villager (Male) |
| 10:11 | Create | Villager (Male) |
| 10:14 | Research | Horse Collar |
| 10:21 | Build | Farm |
| 10:26 | Build | Farm |
| 10:29 | Build | Farm |
| 10:38 | Create | Villager (Male) |
| 10:38 | Create | Villager (Male) |
| 10:45 | Build | Farm |
| 10:49 | Build | Farm |
| 10:59 | Create | Villager (Male) |
| 11:03 | Build | Farm |
| 11:27 | Build | Farm |
| 11:29 | Create | Villager (Male) |
| 11:46 | Build | House |
| 11:47 | Build | House |
| 11:48 | Build | House |
| 11:50 | Create | Villager (Male) |
| 12:06 | Create | Villager (Male) |
| 12:08 | Build | Farm |
| 12:27 | Build | Farm |
| 12:31 | Build | Farm |
| 12:42 | Create | Villager (Male) |
| 12:59 | Build | Mining Camp |
| 13:03 | Create | Villager (Male) |
| 13:09 | Build | Farm |
| 13:28 | Create | Villager (Male) |
| 13:53 | Create | Villager (Male) |
| 14:10 | Build | Blacksmith |
| 14:17 | Create | Villager (Male) |
| 14:39 | Create | Villager (Male) |
| 14:55 | Create | Scout Cavalry |
| 15:09 | Build | Farm |
| 15:26 | Research | Castle Age |
| 15:27 | Research | Castle Age |
| 15:27 | Research | Castle Age |
| 15:28 | Create | Scout Cavalry |
| 15:55 | Create | Scout Cavalry |
| 15:57 | Create | Scout Cavalry |
| 16:29 | Create | Scout Cavalry |
| 16:42 | Create | Scout Cavalry |
| 17:06 | Create | Villager (Male) |
| 17:15 | Create | Scout Cavalry |
| 17:18 | Research | Bloodlines |
| 17:18 | Research | Bloodlines |
| 17:28 | Research | Scale Barding Armor |
| 17:54 | Build | House |
| 17:55 | Build | House |
| 17:56 | Build | House |
| 18:06 | Age | Castle Age |
| 18:08 | Research | Light Cavalry (upgrade) |
| 18:08 | Research | Light Cavalry (upgrade) |
| 18:12 | Create | Villager (Male) |
| 18:18 | Build | Town Center |
| 18:19 | Create | Villager (Male) |
| 18:21 | Build | Town Center |
| 18:25 | Create | Villager (Male) |
| 18:33 | Create | Villager (Male) |
| 18:44 | Create | Villager (Male) |
| 18:49 | Build | House |
| 18:54 | Research | Husbandry |
| 18:54 | Create | Scout Cavalry |
| 18:54 | Create | Scout Cavalry |
| 19:22 | Create | Villager (Male) |
| 19:37 | Research | Bow Saw |
| 19:44 | Create | Scout Cavalry |
| 19:49 | Create | Villager (Male) |
| 20:03 | Create | Villager (Male) |
| 20:05 | Build | Farm |
| 20:06 | Build | Farm |
| 20:06 | Build | Farm |
| 20:06 | Build | Farm |
| 20:16 | Create | Villager (Male) |
| 20:22 | Create | Villager (Male) |
| 20:24 | Build | Farm |
| 20:25 | Build | Farm |
| 20:26 | Build | Farm |
| 20:31 | Create | Scout Cavalry |
| 20:44 | Create | Villager (Male) |
| 20:44 | Create | Villager (Male) |
| 20:44 | Create | Villager (Male) |
| 20:51 | Build | Farm |
| 20:51 | Build | Farm |
| 20:51 | Build | Farm |
| 20:51 | Build | Farm |
| 21:00 | Create | Villager (Male) |
| 21:07 | Create | Villager (Male) |
| 21:07 | Create | Villager (Male) |
| 21:07 | Create | Villager (Male) |
| 21:13 | Build | Mill |
| 21:13 | Build | Farm |
| 21:13 | Build | Farm |
| 21:13 | Build | Farm |
| 21:14 | Build | Farm |
| 21:14 | Build | Farm |
| 21:21 | Create | Villager (Male) |
| 21:21 | Create | Villager (Male) |
| 21:33 | Create | Villager (Male) |
| 21:33 | Create | Villager (Male) |
| 21:33 | Create | Villager (Male) |
| 21:41 | Create | Villager (Male) |
| 21:41 | Create | Villager (Male) |
| 21:41 | Create | Villager (Male) |
| 21:49 | Create | Villager (Male) |
| 21:49 | Create | Villager (Male) |
| 21:51 | Build | Farm |
| 21:58 | Create | Villager (Male) |
| 21:58 | Create | Villager (Male) |
| 21:58 | Create | Villager (Male) |
Match timeline
| 5:12 | YOUR CASTLE WILL DAUT · wall_segment Palisade Wall x5 |
| 5:38 | VL KRATOS ELGUARDIAN · wall_segment Palisade Wall x5 |
| 6:19 | YOUR CASTLE WILL DAUT · wall_segment Palisade Wall x6 |
| 6:30 | YOUR CASTLE WILL DAUT · first_building Barracks |
| 6:48 | gimin · first_building Barracks |
| 6:52 | YOUR CASTLE WILL DAUT · wall_segment Palisade Wall x11 |
| 7:08 | VL KRATOS ELGUARDIAN · wall_segment Palisade Wall x6 |
| 7:13 | VL KRATOS ELGUARDIAN · wall_segment Palisade Wall x11 |
| 7:39 | VL GaaRa__ · wall_segment Palisade Wall x1 |
| 7:40 | gimin · age_up feudal |
| 7:47 | gimin · first_building Archery Range |
| 7:51 | YOUR CASTLE WILL DAUT · wall_segment Palisade Wall x7 |
| 8:10 | Zionic · first_building Barracks |
| 8:11 | VL Lil_Manch · first_building Barracks |
| 8:14 | freedom is not free · first_building Barracks |
| 8:14 | VL KRATOS ELGUARDIAN · wall_segment Palisade Wall x9 |
| 8:17 | VL GaaRa__ · age_up feudal |
| 8:20 | freedom is not free · wall_segment Palisade Wall x1 |
| 8:22 | VL GaaRa__ · first_building Stable |
| 8:55 | Zionic · age_up feudal |
| 8:59 | YOUR CASTLE WILL DAUT · wall_segment Palisade Wall x1 |
| 9:00 | gimin · wall_segment Palisade Wall x10 |
| 9:08 | Zionic · first_building Stable |
| 9:27 | VL Lil_Manch · age_up feudal |
| 9:27 | YOUR CASTLE WILL DAUT · wall_segment Palisade Wall x10 |
| 9:29 | VL GaaRa__ · wall_segment Palisade Wall x1 |
| 9:29 | VL Lil_Manch · first_building Stable |
| 9:33 | freedom is not free · wall_segment Palisade Wall x12 |
| 9:34 | gimin · wall_segment Palisade Wall x5 |
| 9:35 | gimin · wall_segment Palisade Wall x1 |
| 9:41 | freedom is not free · age_up feudal |
| 9:41 | VL KRATOS ELGUARDIAN · age_up feudal |
| 10:03 | freedom is not free · first_building Stable |
| 10:22 | VL Marcelsanz · age_up feudal |
| 10:31 | VL Lil_Manch · wall_segment Palisade Wall x6 |
| 11:09 | gimin · wall_segment Palisade Wall x3 |
| 11:11 | gimin · wall_segment Palisade Wall x8 |
| 11:11 | VL GaaRa__ · first_building Archery Range |
| 11:22 | YOUR CASTLE WILL DAUT · age_up feudal |
| 11:30 | freedom is not free · wall_segment Stone Wall x2 |
| 11:53 | VL GaaRa__ · wall_segment Palisade Wall x1 |
| 11:55 | VL GaaRa__ · wall_segment Palisade Wall x1 |
| 12:07 | VL GaaRa__ · wall_segment Palisade Wall x1 |
| 12:11 | VL Lil_Manch · wall_segment Palisade Wall x25 |
| 12:13 | YOUR CASTLE WILL DAUT · wall_segment Palisade Wall x1 |
| 12:30 | gimin · wall_segment Palisade Wall x1 |
| 13:55 | gimin · wall_segment Palisade Wall x7 |
| 16:18 | YOUR CASTLE WILL DAUT · first_market_buy 100 food |
| 16:20 | YOUR CASTLE WILL DAUT · first_market_sell 100 stone |
| 16:25 | VL Marcelsanz · first_building Barracks |
| 16:48 | VL GaaRa__ · wall_segment Palisade Wall x7 |
| 16:53 | VL GaaRa__ · wall_segment Palisade Wall x10 |
| 16:56 | VL Lil_Manch · wall_segment Palisade Wall x4 |
| 17:21 | VL Marcelsanz · age_up castle |
| 17:48 | gimin · first_market_buy 100 food |
| 18:06 | Zionic · age_up castle |
| 18:14 | VL GaaRa__ · wall_segment Palisade Wall x19 |
| 18:40 | VL Marcelsanz · first_building Archery Range |
| 18:41 | VL KRATOS ELGUARDIAN · first_building Barracks |
| 19:32 | VL KRATOS ELGUARDIAN · first_building Stable |
| 19:37 | VL Lil_Manch · first_market_sell 100 wood |
| 20:07 | VL GaaRa__ · wall_segment Palisade Wall x9 |
| 20:13 | VL KRATOS ELGUARDIAN · first_market_sell 100 wood |
| 20:20 | YOUR CASTLE WILL DAUT · age_up castle |
| 20:28 | freedom is not free · age_up castle |
| 20:28 | VL GaaRa__ · wall_segment Palisade Wall x7 |
| 20:32 | YOUR CASTLE WILL DAUT · first_building Castle |
| 20:40 | VL GaaRa__ · wall_segment Palisade Wall x1 |
| 21:10 | VL Lil_Manch · wall_segment Palisade Wall x1 |
| 21:11 | VL Lil_Manch · wall_segment Palisade Wall x1 |
| 21:29 | VL Marcelsanz · wall_segment Palisade Wall x1 |
| 21:29 | gimin · age_up castle |
| 21:34 | VL Lil_Manch · wall_segment Palisade Wall x1 |
| 21:34 | gimin · first_building Siege Workshop |
| 21:49 | VL KRATOS ELGUARDIAN · age_up castle |
| 21:53 | VL GaaRa__ · wall_segment Palisade Wall x5 |
| 21:55 | gimin · first_market_sell 100 wood |
| 22:19 | Zionic · first_building Monastery |
| 22:33 | VL Lil_Manch · age_up castle |
| 23:10 | VL Marcelsanz · first_market_buy 100 wood |
| 23:11 | VL Lil_Manch · wall_segment Palisade Wall x1 |
| 24:17 | VL GaaRa__ · wall_segment Palisade Wall x1 |
| 24:17 | gimin · first_building Monastery |
| 24:35 | VL GaaRa__ · first_market_buy 100 stone |
| 24:44 | gimin · first_building Stable |
| 24:52 | YOUR CASTLE WILL DAUT · wall_segment Stone Wall x8 |
| 24:52 | VL GaaRa__ · age_up castle |
| 25:23 | VL GaaRa__ · first_building Siege Workshop |
| 26:08 | VL GaaRa__ · first_market_sell 100 food |
| 26:18 | Zionic · first_building Archery Range |
| 27:50 | YOUR CASTLE WILL DAUT · first_building Siege Workshop |
| 28:04 | YOUR CASTLE WILL DAUT · wall_segment Stone Wall x16 |
| 28:21 | YOUR CASTLE WILL DAUT · wall_segment Stone Wall x11 |
| 30:06 | YOUR CASTLE WILL DAUT · wall_segment Stone Wall x5 |
| 30:08 | VL Lil_Manch · first_market_buy 100 stone |
| 30:10 | Zionic · first_building Castle |
| 30:28 | freedom is not free · first_building Castle |
| 30:44 | Zionic · wall_segment Palisade Wall x1 |
| 31:07 | YOUR CASTLE WILL DAUT · wall_segment Stone Wall x11 |
| 31:08 | VL KRATOS ELGUARDIAN · first_market_buy 100 wood |
| 31:20 | VL KRATOS ELGUARDIAN · first_building Monastery |
| 31:32 | Zionic · age_up imperial |
| 32:31 | YOUR CASTLE WILL DAUT · wall_segment Stone Wall x8 |
| 32:56 | VL KRATOS ELGUARDIAN · first_building Castle |
| 33:52 | YOUR CASTLE WILL DAUT · wall_segment Stone Wall x1 |
| 33:54 | YOUR CASTLE WILL DAUT · wall_segment Stone Wall x5 |
| 34:07 | YOUR CASTLE WILL DAUT · wall_segment Stone Wall x1 |
| 34:08 | YOUR CASTLE WILL DAUT · wall_segment Stone Wall x1 |
| 34:43 | VL Marcelsanz · first_building Monastery |
| 35:03 | VL KRATOS ELGUARDIAN · age_up imperial |
| 36:16 | freedom is not free · age_up imperial |
| 36:16 | YOUR CASTLE WILL DAUT · age_up imperial |
| 36:40 | VL GaaRa__ · first_building Monastery |
| 36:56 | VL Lil_Manch · first_building Castle |
| 37:12 | VL GaaRa__ · wall_segment Stone Wall x11 |
| 37:22 | gimin · wall_segment Stone Wall x29 |
| 37:24 | gimin · wall_segment Stone Wall x1 |
| 37:44 | freedom is not free · wall_segment Stone Wall x4 |
| 37:45 | freedom is not free · wall_segment Stone Wall x1 |
| 38:02 | VL KRATOS ELGUARDIAN · wall_segment Palisade Wall x8 |
| 38:26 | gimin · age_up imperial |
| 38:48 | YOUR CASTLE WILL DAUT · wall_segment Stone Wall x15 |
| 38:51 | VL Marcelsanz · first_building Castle |
| 38:52 | YOUR CASTLE WILL DAUT · wall_segment Stone Wall x3 |
| 38:57 | VL Marcelsanz · age_up imperial |
| 40:31 | VL Lil_Manch · first_building Archery Range |
| 40:37 | VL GaaRa__ · age_up imperial |
| 41:38 | VL Lil_Manch · age_up imperial |
| 44:09 | gimin · wall_segment Stone Wall x5 |
| 45:56 | gimin · wall_segment Stone Wall x7 |
| 47:23 | gimin · wall_segment Stone Wall x13 |
| 47:32 | gimin · first_building Castle |
| 47:46 | VL KRATOS ELGUARDIAN · resign |
| 48:53 | gimin · wall_segment Stone Wall x8 |
[ AI ANALYSIS · 1 CREDIT ]
What really happened in this match?
Wolo.gg analyzes every decision: build order, eco, micro, common mistakes by bracket. Personalized analysis on WhatsApp or Discord in 30 seconds.
Civ guide
Cumans
Perfil
Jugador #2864804